 Dungeon Crawl Stone Soup version 0.24.1-14-gf8d2b509d9 (webtiles) character file.

Game seed: 10447874627800880214, levelgen mode: deterministic

16415 Blejac999 the Slicer (level 12, 0/118 (121) HPs)
             Began as a Human Berserker on May 30, 2020.
             Was a Priest of Trog.
             Slain by a vampire (7 damage)
             ... on level 6 of the Dungeon.
             The game lasted 00:54:38 (15279 turns).

Blejac999 the Slicer (Human Berserker)             Turns: 15279, Time: 00:54:39

HP:   0/118 (121)   AC: 26    Str: 29    XL:     12   Next: 69%
MP:   13/13         EV:  2    Int:  9    God:    Trog [***...]
Gold: 711           SH:  0    Dex: 20    Spells: 11/11 levels left

rFire    . . .     SeeInvis .   a - +2 dagger (venom)
rCold    . . .     Gourm    .   (no shield)
rNeg     + + +     Faith    .   (armour currently unavailable)
rPois    +         Spirit   .   (helmet currently unavailable)
rElec    .         Reflect  .   (cloak currently unavailable)
rCorr    .         Harm     .   (gloves currently unavailable)
MR       +++..     NoTele   +   (boots currently unavailable)
Stlth    ++++......             k - amulet of regeneration
HPRegen  1.69/turn              l - ring of protection from magic
MPRegen  0.13/turn              h - ring "Qushresi" {Str+6 Stlth+}

@: agile, tree-form, berserk cooldown, regenerating, slowed, very slow
A: agile 1, sense surroundings 1, strong 1
a: Berserk, Trog's Hand, Renounce Religion


You were on level 6 of the Dungeon.
You worshipped Trog.
Trog was most pleased with you.
You were not hungry.
You were a tree.
You visited 2 branches of the dungeon, and saw 11 of its levels.
You also visited: Bailey.

You collected 711 gold pieces.

Inventory:

Hand Weapons
 a - a +2 dagger of venom (weapon)
 b - the +3 hunting sling of Starshine {venom, rPois}
   (You found it on level 1 of the Lair of Beasts)

   It poisons the ammo it fires.
   It protects you from poison.
 f - a +0 falchion
Missiles
 t - 330 stones (quivered)
 x - 2 throwing nets
 F - 17 sling bullets
Armour
 m - a +3 scale mail (melded)
 p - a +1 leather armour of cold resistance
 u - a +2 hat of magic resistance (melded)
 w - a +0 pair of gloves (melded)
Jewellery
 h - the ring "Qushresi" (right branch) {Str+6 Stlth+}
   (You acquired it on level 2 of the Lair of Beasts)

   [ring of strength]

   It affects your strength (+6).
   It makes you more stealthy.
 k - an amulet of regeneration (around neck)
 l - a ring of protection from magic (left branch)
 o - an uncursed ring of magical power
 y - an uncursed ring of magical power
Wands
 d - a wand of polymorph (5)
 q - a wand of paralysis (10)
 s - a wand of disintegration (2)
 G - a wand of iceblast (9)
Scrolls
 e - a scroll of fear
 g - 5 scrolls of remove curse
 i - 5 scrolls of fog
 j - 5 scrolls of amnesia
 n - 3 scrolls of enchant armour
 r - 11 scrolls of identify
 v - 2 scrolls of magic mapping
 D - 2 scrolls of teleportation
Potions
 z - 2 potions of cancellation
 E - 2 potions of agility
Comestibles
 c - 27 rations


   Skills:
 - Level 3.0 Fighting
 + Level 11.0(11.3) Short Blades
 + Level 4.2(8.3) Long Blades
 + Level 5.4 Slings
   Level 6.0 Crossbows
 + Level 10.5 Armour
 + Level 9.4 Dodging
 + Level 2.4 Evocations


You had 11 spell levels left.
You didn't know any spells.
Your spell library contained the following spells:

 Spells                   Type           Power        Failure   Level  Hunger
 Sublimation of Blood     Necr           #.........   52%         2    ###....
 Ignite Poison            Fire/Tmut/Pois #.......     77%         3    ####...
 Petrify                  Tmut/Erth      #.......     99%         4    #####..
 Alistair's Intoxication  Tmut/Pois      #.......     100%        5    ######.
 Irradiate                Conj/Tmut      #.........   100%        5    ######.
 Hydra Form               Tmut           #.........   100%        6    #######
 Statue Form              Tmut/Erth      #........    100%        6    #######
 Dragon Form              Tmut           #.........   100%        7    #######


Dungeon Overview and Level Annotations

Branches:
Dungeon (9/15)             Temple (0/1) D:4            Lair (2/6) D:9
 Shoals (0/4) Lair:2       Spider (0/4) Lair:2       Bailey (visited)
    Orc: D:9-12

Altars:
Ashenzari
Trog

Annotations:
D:6 1 transporter
Lair:2 3 runed translucent doors, Xudgha's ghost, journeyman MiFi


Innate Abilities, Weirdness & Mutations

((You have sharp fingernails.))
You are agile. (Dex +2)
You passively map a small area around you.
Your muscles are strong. (Str +2)


Message History

* * * LOW HITPOINT WARNING * * *
You feel your flesh rotting away!
Okay, then.
As you read the scroll of fear, it crumbles to dust.
You assume a fearsome visage.
The necrophage is unaffected. x2
The spectral quokka is unaffected.
The shadow imp is unaffected.
The spectral quokka barely misses you. Something hits you but does no damage.
Something bites you but does no damage.
The shadow imp hits you but does no damage.
The necrophage hits you but does no damage.
The spectral quokka bites you but does no damage.
Something hits you but does no damage. Something bites you but does no damage.
You cannot teleport because you are held in place by your roots.
You cannot move.
You hit something but do no damage.
The shadow imp hits you but does no damage.
The necrophage hits you but does no damage.
The spectral quokka bites you but does no damage.
You hit something. Something hits you!
You die...

#################
#...............#
########.#############.#
#........#...........#.#
#..#####.#.......$...#.# #..#
#.#..###.###..#.# ###..#
##.#..#8#.#8#..#.## .....#
##..#$....5.....#..####### ....##
#..©#=...♣Zn....#§.......# ###.#
#...#?...{n.....#..#####.# #
#.####.#.#..#8#.#8#..#........# #
#......#.#..###.###..#.######.# #
#.######.#..........Z#.# #.# #
#........#..........©#.# #.#
##########.#############.# #.#
.........#...............# #.#
########.####.####.############[#


You could see a spectral quokka, 2 necrophages and a shadow imp.

Vanquished Creatures
  A two-headed ogre (D:9)
  2 black mambas (Lair:2)
  A merfolk siren (Lair:2)
  The ghost of Gabide the Grappler, a novice VSGl of Uskayaw (D:6)
  4 spiny frogs
  A rime drake (Lair:2)
  2 komodo dragons (Lair:1)
  A queen bee (Lair:2)
  5 hippogriffs
  A redback (Lair:2)
  A basilisk (Lair:1)
  A wraith (D:6)
  6 yaks
  Menkaure (D:5)
  A warg (Lair:1)
  4 water moccasins
  2 hell hounds (Lair:1)
  4 porcupines
  2 black bears
  8 orc warriors
  2 ice beasts
  An eye of draining (D:8)
  A phantom (D:7)
  A necrophage (D:9)
  10 wolves
  5 ogres
  6 centaurs
  3 big kobolds
  4 crocodiles
  4 bullfrogs
  4 scorpions
  28 killer bees
  6 howler monkeys
  6 crimson imps
  A centaur zombie (D:5)
  10 hounds
  A bullfrog zombie (D:9)
  7 orc priests
  2 jellies
  4 iguanas
  10 orc wizards
  3 worker ants
  2 hound zombies
  A hound skeleton (D:7)
  2 worker ant zombies
  19 adders
  2 shadow imps
  2 oozes
  An adder skeleton (D:4)
  4 worms
  A dart slug (D:3)
  4 leopard geckos
  51 orcs
  A ball python (D:7)
  6 giant cockroaches
  8 hobgoblins
  7 jackals
  23 kobolds
  7 quokkas
  5 bats
  3 frilled lizards
  15 goblins
  4 rats
336 creatures vanquished.

Vanquished Creatures (collateral kills)
  Gastronok (Lair:1)
  A catoblepas (Lair:2)
  A killer bee (Lair:2)
3 creatures vanquished.

Vanquished Creatures (others)
  A plant (Lair:2)
  4 toadstools (D:1)
5 creatures vanquished.

Grand Total: 344 creatures vanquished

Notes
Turn   | Place    | Note
-------+----------+-------------------------------------------
     0 | D:1      | Blejac999 the Human Berserker began the quest for the Orb.
     0 | D:1      | Reached XP level 1. HP: 18/18 MP: 1/1
   226 | D:1      | Reached XP level 2. HP: 24/24 MP: 2/2
   793 | D:1      | Reached XP level 3. HP: 27/29 MP: 3/3
  1258 | D:2      | Reached skill level 1 in Short Blades
  1504 | D:2      | Reached ** piety under Trog
  1504 | D:2      | Reached XP level 4. HP: 35/35 MP: 4/4
  2036 | D:3      | Reached XP level 5. HP: 24/41 MP: 5/5
  2124 | D:3      | Reached skill level 2 in Short Blades
  2654 | D:3      | Reached XP level 6. HP: 27/47 MP: 6/6
  3011 | D:4      | Reached skill level 3 in Short Blades
  3236 | D:4      | Found a staircase to the Ecumenical Temple.
  3302 | D:4      | Found a shattered altar of Ashenzari.
  3584 | D:4      | Reached *** piety under Trog
  3584 | D:4      | Reached XP level 7. HP: 52/52 MP: 7/7
  3590 | D:4      | Reached skill level 4 in Short Blades
  3851 | D:5      | Entered Level 5 of the Dungeon
  4030 | D:5      | Reached skill level 5 in Short Blades
  4145 | D:5      | Reached XP level 8. HP: 58/58 MP: 8/8
  4155 | D:5      | Reached skill level 5 in Dodging
  4226 | D:5      | Reached skill level 6 in Short Blades
  4610 | D:5      | Noticed Menkaure
  4622 | D:5      | Killed Menkaure
  4947 | D:6      | Found a bloodstained altar of Trog.
  4957 | D:6      | Reached skill level 7 in Short Blades
  5011 | D:6      | Reached XP level 9. HP: 63/63 MP: 9/9
  5022 | D:6      | Reached **** piety under Trog
  5142 | D:6      | Reached skill level 8 in Short Blades
  5367 | D:6      | Noticed Gabide's ghost (novice VSGl)
  5368 | D:6      | Found a transporter.
  5369 | D:6      | Found a transporter.
  5976 | D:7      | Reached skill level 9 in Short Blades
  6124 | D:7      | Reached XP level 10. HP: 34/70 MP: 10/10
  6297 | D:7      | Found a flagged portal.
  6314 | Bailey   | Entered a bailey
  7069 | Bailey   | Reached skill level 1 in Crossbows
  7069 | Bailey   | Reached skill level 1 in Evocations
  7471 | Bailey   | Reached skill level 10 in Short Blades
  7759 | D:7      | Reached skill level 5 in Armour
  8210 | D:8      | HP: 1/105 [hippogriff (5)]
  8635 | D:8      | Reached ***** piety under Trog
  9288 | D:9      | Found a staircase to the Lair.
  9602 | D:9      | Reached XP level 11. HP: 75/75 MP: 12/12
  9625 | D:9      | Noticed a two-headed ogre
  9658 | D:9      | Killed a two-headed ogre
 10272 | Lair:1   | Entered Level 1 of the Lair of Beasts
 10608 | Lair:1   | Reached skill level 5 in Crossbows
 11081 | Lair:1   | Noticed Gastronok
 11150 | Lair:1   | Killed Gastronok
 11610 | Lair:1   | Got an ancient hunting sling
 11611 | Lair:1   | Identified the +3 hunting sling of Starshine {venom, rPois}
                  | (You found it on level 1 of the Lair of Beasts)
 12470 | Lair:2   | Found a runed translucent gate.
 12571 | Lair:2   | Found a runed translucent gate.
 12577 | Lair:2   | Found a runed translucent gate.
 12805 | Lair:1   | Reached skill level 1 in Slings
 12883 | Lair:1   | Reached XP level 12. HP: 81/81 MP: 13/13
 13663 | Lair:2   | Noticed a catoblepas
 13679 | Lair:2   | Killed a catoblepas
 13763 | Lair:2   | Identified a scroll of acquirement
 13764 | Lair:2   | Got a sparkling bone ring
 13766 | Lair:2   | Identified the ring "Qushresi" {Str+6 Stlth+} (You acquired
                  | it on level 2 of the Lair of Beasts)
 13835 | Lair:2   | Found a hole to the Spider Nest.
 14056 | Lair:2   | Reached skill level 10 in Armour
 14178 | Lair:2   | Found a staircase to the Shoals.
 14499 | Lair:2   | Noticed Xudgha's ghost (journeyman MiFi)
 14635 | Lair:2   | Reached skill level 5 in Slings
 14792 | Lair:2   | Received a gift from Trog
 14894 | Lair:2   | Reached skill level 11 in Short Blades
 15245 | D:6      | Killed Gabide's ghost
 15275 | D:6      | Gained mutation: You have sharp fingernails. [potion of
                  | mutation]
 15275 | D:6      | Gained mutation: Your muscles are strong. (Str +2) [potion
                  | of mutation]
 15275 | D:6      | Gained mutation: You passively map a small area around you.
                  | [potion of mutation]
 15275 | D:6      | Gained mutation: You are agile. (Dex +2) [potion of
                  | mutation]
 15276 | D:6      | HP: 5/120 [something (7)]
 15276 | D:6      | HP: 2/120 [necrophage (3)]
 15279 | D:6      | Slain by a vampire

Levels and vault maps discovered:
D:1:      ldierk_walled_garden_2, layout_loops_ring, minmay_misc_feat_roman
D:2:      minmay_chambers_of_ones, layout_basic, first_ration,
          dk_noncrumbling_4, minmay_misc_feat_doors, minmay_misc_feat_encased,
          minmay_stone_trees_small, st_stairs_13
D:3:      layout_loops_ring
D:4:      layout_loops_ring, lemuel_coloured_pillars_altar,
          minmay_temple_entry_large_hall
D:5:      layout_loops_ring, uniq_menkaure
D:6:      minmay_evil_eye, layout_loops_ring, basic_altar,
          gammafunk_ghost_mausoleum
D:7:      layout_loops_cross, enter_bailey_3, serial_bayou_pond_e
D:8:      layout_cave_pools, grunt_ogre_cave
D:9:      layout_cave_pods, lair_entry_dummy
Lair:1:   layout_cave_pods, enter_volcano_3, serial_bayou_shore_b,
          uniq_gastronok
Lair:2:   beast_lair_carwin_large_4, layout_layer_cave,
          minmay_shoals_entry_lonely_mermaid, spider_nest_entry_rubble,
          special_room [special_room_bee], gammafunk_ghost_necromancy,
          chequers_serial_rivers_small_a

Skill      XL: |  1  2  3  4  5  6  7  8  9 10 11 12 |
---------------+-------------------------------------+-----
Short Blades   | 1 2 3 5 7 9 10 11 | 11.0
Long Blades    | 4 |  4.2
Dodging        | 3 4 5 7 8 9 |  9.4
Armour         | 3 4 6 9 10 | 10.5
Crossbows      | 4 6 |  6.0
Evocations     | 2 |  2.4
Slings         | 1 5 |  5.4
Fighting       | |  3.0

Action                   |  1- 3 |  4- 6 |  7- 9 | 10-12 || total
-------------------------+-------+-------+-------+-------++-------
Melee: Falchion          |    34 |       |       |       ||    34
       Dagger            |    56 |   208 |   443 |  1053 ||  1760
 Fire: Arbalest          |       |       |       |    70 ||    70
       Hunting sling     |       |       |       |    59 ||    59
Throw: Boomerang         |       |     2 |       |       ||     2
       Throwing net      |       |       |       |     1 ||     1
       Stone             |       |       |       |     8 ||     8
Invok: Berserk           |       |     2 |    12 |    24 ||    38
       Trog's Hand       |       |       |     6 |    12 ||    18
       Brothers in Arms  |       |       |       |     3 ||     3
Evoke: Wand              |       |       |       |    23 ||    23
  Use: Scroll            |     5 |       |     8 |     5 ||    18
       Potion            |       |     2 |     8 |     5 ||    15
 Stab: Sleeping          |       |     2 |     1 |       ||     3
       Distracted        |       |     1 |       |       ||     1
       Invisible         |       |       |     2 |       ||     2
       Held in net/web   |       |       |       |     2 ||     2
  Eat: Chunk             |     2 |     8 |    14 |    33 ||    57
       Ration            |       |       |     2 |     8 ||    10
Armor: Animal skin       |    20 |    29 |     1 |       ||    50
       Leather armour    |       |       |    70 |    16 ||    86
       Scale mail        |       |       |       |   289 ||   289
       Skin              |       |       |       |    50 ||    50
Dodge: Dodged            |    56 |   110 |   224 |   740 ||  1130
       Rpst.: Falchion   |     4 |       |       |       ||     4
